 Dungeon Crawl Stone Soup version 0.27.1-1-g398f81649c (webtiles) character file.

Game seed: 12618310985586448367

35646 MechaKamiliLaw the Fighter (level 13, -3/148 HPs)
             Began as an Ogre Hunter on Sept 20, 2021.
             Was a High Priest of Okawaru.
             Slain by a seven-headed hydra (10 damage)
             ... on level 13 of the Dungeon.
             The game lasted 00:50:17 (18634 turns).

MechaKamiliLaw the Fighter (Ogre Hunter)           Turns: 18634, Time: 00:50:17

Health: -3/148     AC:  9    Str: 23    XL:     13   Next: 85%
Magic:  17/19      EV: 16    Int: 12    God:    Okawaru [*****.]
Gold:   1107       SH:  0    Dex: 13    Spells: 12/12 levels left

rFire    + . .     SeeInvis .   b - +3 morningstar of Amorality {speed, rF+ Dex+4}
rCold    . . .     Faith    .   (no shield)
rNeg     . . .     Spirit   .   k - +0 troll leather armour
rPois    .         Reflect  .   W - +0 hat
rElec    +         Harm     .   R - +2 cloak
rCorr    .         Rampage  .   (gloves unavailable)
Will     ++...                  (boots unavailable)
Stlth    +++.......             X - amulet of Inyipoa {Acrobat rElec}
HPRegen  1.34/turn              G - ring of willpower
MPRegen  0.16/turn              u - +4 ring of evasion

@: heroic, very slightly contaminated, invisible
A: large, unfitting armour, tough skin 1
a: Renounce Religion, Heroism, Finesse


You were on level 13 of the Dungeon.
You worshipped Okawaru.
Okawaru was extremely pleased with you.
You visited 2 branches of the dungeon, and saw 15 of its levels.
You also visited: Bailey.

You collected 1107 gold pieces.

Inventory:

Hand Weapons
 a - a +3 giant spiked club
 b - the +3 morningstar of Amorality (weapon) {speed, rF+ Dex+4}
   (Okawaru gifted it to you on level 9 of the Dungeon)

   Attacks with this weapon are significantly faster.
   Dex:       It affects your dexterity (+4).
   rF:        It protects you from fire.
 Y - a +4 scimitar of flaming
Missiles
 c - 17 large rocks
 d - 2 throwing nets
 h - 184 stones (quivered)
 q - 9 boomerangs
 w - 31 poisoned darts
 E - 4 curare-tipped darts
 K - 9 javelins
 S - 9 datura-tipped darts
Armour
 k - a +0 troll leather armour (worn)
 R - a +2 cloak (worn)
 W - a +0 hat (worn)
Jewellery
 s - a ring of resist corrosion
 u - a +4 ring of evasion (right hand)
 y - a ring of fire
 G - a ring of willpower (left hand)
 L - a ring of protection from fire
 U - a ring of protection from fire
 X - the amulet of Inyipoa (around neck) {Acrobat rElec}
   (You acquired it on level 13 of the Dungeon)

   [amulet of the acrobat]

   It increases your evasion while moving and waiting.
   rElec:     It insulates you from electricity.
 Z - an amulet of faith
Wands
 i - a wand of acid (39)
 o - a wand of iceblast (41)
 B - a wand of polymorph (1)
 H - a wand of charming (20)
Scrolls
 g - a scroll of enchant armour {unknown}
 j - 6 scrolls of teleportation
 l - 2 scrolls of fog {unknown}
 p - 3 scrolls of enchant weapon
 r - a scroll of noise
 v - 5 scrolls of identify
 x - a scroll of vulnerability {unknown}
 C - 3 scrolls of amnesia {unknown}
 F - a scroll of holy word {unknown}
 I - 4 scrolls of magic mapping
 N - 2 scrolls of immolation
 P - 3 scrolls of fear
 V - a scroll of torment {unknown}
Potions
 e - 6 potions of curing
 f - 3 potions of haste
 m - 2 potions of invisibility
 n - 2 potions of heal wounds
 t - 2 potions of attraction
 z - 3 potions of cancellation
 A - 2 potions of mutation
 D - 3 potions of flight
 J - a potion of ambrosia {unknown}
 M - a potion of degeneration {unknown}
 O - 2 potions of brilliance
 Q - a potion of berserk rage {unknown}


   Skills:
 + Level 14.7(19.7) Fighting
 + Level 12.2(17.2) Maces & Flails
 + Level 12.1(17.1) Throwing
 - Level 1.7(6.7) Dodging
 - Level 1.0(6.0) Stealth
 - Level 8.0 Invocations


You had 12 spell levels left.
You didn't know any spells.
Your spell library contained the following spells:

 Spells                   Type           Power      Damage    Failure   Level
 Animate Skeleton         Necr           0%         N/A       36%         1
 Corona                   Hex            0%         N/A       36%         1
 Foxfire                  Conj/Fire      0%         2x1d4     36%         1
 Pain                     Necr           0%         1d4       36%         1
 Shock                    Conj/Air       0%         1d3       36%         1
 Summon Small Mammal      Summ           0%         N/A       36%         1
 Ensorcelled Hibernation  Hex/Ice        0%         N/A       50%         2
 Sublimation of Blood     Necr           0%         N/A       50%         2
 Wereblood                Tmut           0%         N/A       50%         2
 Call Canine Familiar     Summ           0%         N/A       73%         3
 Inner Flame              Hex/Fire       0%         N/A       73%         3
 Summon Guardian Golem    Hex/Summ       0%         N/A       73%         3
 Swiftness                Air            0%         N/A       73%         3
 Tukima's Dance           Hex            0%         N/A       73%         3
 Vampiric Draining        Necr           0%         2d6       73%         3
 Airstrike                Air            0%         N/A       98%         4
 Animate Armour           Summ/Erth      0%         N/A       98%         4
 Leda's Liquefaction      Hex/Erth       0%         N/A       98%         4
 Sticky Flame             Conj/Fire      0%         2d3       98%         4
 Iskenderun's Battlesphe  Conj           0%         2d6       100%        5
 Lee's Rapid Deconstruct  Erth           0%         3d5*      100%        5
 Iron Shot                Conj/Erth      0%         9d1       100%        6
 Spellforged Servitor     Conj/Summ      0%         N/A       100%        7
 Summon Hydra             Summ           0%         N/A       100%        7
 Ignition                 Fire           0%         3d3       100%        8


Dungeon Overview and Level Annotations

Branches:
Dungeon (14/15)            Temple (0/1) D:5            Lair (1/6) D:9
    Orc (0/2) D:9          Bailey (visited)
 Vaults: D:13-14

Altars:
Cheibriados
Dithmenos
Fedhas
Hepliaklqana
Kikubaaqudgha
Makhleb
Nemelex Xobeh
Okawaru
Ru
Sif Muna
Uskayaw
Xom
Yredelemnul
The Shining One
Beogh

Shops:
D:12 :

Annotations:
D:5 1 runed translucent door, nxtlvl's ghost, amateur MiNe
D:10 2 transporters, Happyhead's ghost, novice DrCj
D:13 Harold; Nessos


Innate Abilities, Weirdness & Mutations

You are too large for most types of armour.
You have tough skin. (AC +1)


Message History

The deep elf pyromancer gestures at you while chanting.
The bolt of fire hits your centaur warrior!
The bolt of fire misses you. The vampire mosquito bites you.
* * * LOW HITPOINT WARNING * * *
The vampire mosquito draws strength from your injuries!
Your centaur warrior barely misses the vampire mosquito.
Your centaur warrior kicks the vampire mosquito.
Your troll barely misses the vampire mosquito.
Your troll closely misses the vampire mosquito.
Your troll claws the vampire mosquito.
Your centaur warrior wields a +0 shortbow.
Your centaur warrior shoots an arrow.
The arrow closely misses the deep elf pyromancer.
Your brown ugly thing punches the seven-headed hydra.
The seven-headed hydra is splashed with acid.
The seven-headed hydra seems to be corroded for longer.
You are very lightly contaminated with residual magic.
Unknown command.
You gain the combat prowess of a mighty hero.
The seven-headed hydra misses you.
The seven-headed hydra bites you but does no damage.
The seven-headed hydra misses you.
The seven-headed hydra bites you but does no damage.
The seven-headed hydra bites you!
* * * LOW HITPOINT WARNING * * *
The seven-headed hydra bites you but does no damage. x2
The vampire mosquito bites your centaur warrior but does no damage.
Your centaur warrior shoots an arrow.
The arrow hits the deep elf pyromancer!!
Nessos yells, "Help!"
Your brown ugly thing punches the seven-headed hydra.
The seven-headed hydra is splashed with acid.
The seven-headed hydra seems to be corroded for longer.
Unknown command.
The vampire mosquito misses you.
Your centaur warrior misses the vampire mosquito.
Your centaur warrior kicks the vampire mosquito.
The seven-headed hydra barely misses you.
The seven-headed hydra bites you!
You die...

,,,,,,,,,,* *,,*
*,* *,*,
,,,,,,,,,,* #..#
*,* *,,,
,,,,,,,,,,* #c.#
*,* **,*,
,,,,,,,,,,* #..#
*,* *,,,,
,,,,,,,,,,* #..#
*,* *,,*,
,,,,,,,,,,* #..#
*,* *,,,,
,,,,,,,,,,* #.T#
*,* *,,,,
,,,,,,,,,,*
#uc#####.#*****,,,,
,,,,,,,,,,*
#D@yc..e..,,,,,,,,,
***********
##########*****,,,,
*,,,, *****


You could see Nessos (fast, fleeing), a seven-headed hydra (corroded, ally
target), a deep elf pyromancer (ally target), a vampire mosquito (ally target),
a friendly brown ugly thing (summoned), 2 friendly centaur warriors and a
friendly troll (summoned).

Vanquished Creatures
  Josephine (D:13)
  Erolcha (D:9)
  2 boulder beetles
  Erica (D:13)
  A centaur warrior (D:13)
  6 two-headed ogres
  A tengu warrior (D:14)
  2 orc knights (Bailey)
  An ugly thing (D:13)
  An orc sorcerer (Bailey)
  A cyclops (D:14)
  A gargoyle (D:12)
  A komodo dragon (Lair:1)
  An unseen horror (D:12)
  2 kobold demonologists
  3 trolls
  3 slime creatures (D:13)
  Sigmund (D:6)
  4 wraiths (D:13)
  2 wyverns
  17 yaks
  2 steam dragons
  3 water moccasins
  11 orc warriors
  A black bear (D:7)
  An ice beast (D:8)
  A sky beast (D:5)
  2 ogres
  A phantom (D:7)
  4 centaurs
  2 kobold brigands
  4 bullfrogs
  Blork the orc (D:4)
  A water moccasin zombie (D:7)
  3 scorpions
  A water moccasin skeleton (D:4)
  3 killer bees
  3 wights (D:10)
  A howler monkey (D:4)
  An electric eel (D:6)
  8 hounds
  A gnoll shaman (D:8)
  3 centaur zombies
  2 centaur skeletons
  11 orc priests
  A bullfrog skeleton (D:5)
  Terence (D:2)
  Natasha (thrice) (D:4 D:3)
  3 iguanas
  11 orc wizards
  2 howler monkey zombies
  12 gnolls
  10 adders
  2 shadow imps
  3 worms
  12 dart slugs
  34 orcs
  9 endoplasms
  4 giant cockroaches
  24 goblins
  14 hobgoblins
  3 quokkas
  9 ball pythons
  5 bats
  4 frilled lizards
  17 kobolds
  5 rats
312 creatures vanquished.

Vanquished Creatures (collateral kills)
  A vampire mosquito (D:13)
1 creature vanquished.

Vanquished Creatures (others)
  A hobgoblin (D:3)
  55 plants (D:3)
56 creatures vanquished.

Grand Total: 369 creatures vanquished

Notes
Turn   | Place    | Note
-------+----------+-------------------------------------------
     0 | D:1      | MechaKamiliLaw the Ogre Hunter began the quest for the Orb.
     0 | D:1      | Reached XP level 1. HP: 22/22 MP: 1/1
   311 | D:1      | Reached skill level 3 in Fighting
   363 | D:1      | Reached XP level 2. HP: 28/31 MP: 2/2
   859 | D:1      | Found a faded altar of an unknown god.
  1012 | D:1      | Got the Catalogue of Ignition
  1140 | D:1      | Reached XP level 3. HP: 32/39 MP: 3/3
  1643 | D:2      | Noticed Terence
  1826 | D:2      | Reached skill level 4 in Fighting
  2137 | D:2      | Reached XP level 4. HP: 33/48 MP: 4/4
  2243 | D:2      | Reached skill level 1 in Maces & Flails
  3258 | D:3      | Found a sparkling altar of Nemelex Xobeh.
  3465 | D:3      | Reached XP level 5. HP: 55/55 MP: 5/5
  3652 | D:3      | Got Kiuzigir's Incunabulum of the Volcanoes and the
                  | Mountains
  3877 | D:3      | Reached skill level 5 in Throwing
  3955 | D:3      | Found a snail-covered altar of Cheibriados.
  4297 | D:4      | Noticed Natasha
  4347 | D:4      | Reached skill level 5 in Fighting
  4347 | D:4      | Reached XP level 6. HP: 39/66 MP: 6/6
  4682 | D:4      | Found an iron altar of Okawaru.
  4694 | D:4      | Became a worshipper of Warmaster Okawaru
  4912 | D:4      | Noticed Blork the orc
  4915 | D:4      | Killed Blork the orc
  4916 | D:4      | Reached skill level 1 in Stealth
  5117 | D:4      | Reached XP level 7. HP: 74/74 MP: 7/7
  5141 | D:4      | Killed Natasha
  5141 | D:4      | Reached * piety under Okawaru
  5151 | D:4      | Noticed Natasha
  5169 | D:3      | Killed Natasha
  5575 | D:3      | Noticed Natasha
  5578 | D:3      | Killed Natasha
  5579 | D:3      | Reached skill level 6 in Fighting
  5620 | D:3      | Found a sparkling altar of Nemelex Xobeh.
  5971 | D:3      | Found a snail-covered altar of Cheibriados.
  6428 | D:2      | Killed Terence
  6955 | D:4      | Found a hide-covered altar of Uskayaw.
  7630 | D:5      | Entered Level 5 of the Dungeon
  7676 | D:5      | Found an ancient bone altar of Kikubaaqudgha.
  7828 | D:5      | Found a staircase to the Ecumenical Temple.
  7935 | D:5      | Found a runed translucent door.
  7936 | D:5      | Noticed nxtlvl's ghost (amateur MiNe)
  8039 | D:5      | Reached skill level 1 in Invocations
  8104 | D:5      | Reached XP level 8. HP: 77/84 MP: 8/8
  8203 | D:5      | Found a blossoming altar of Fedhas.
  8212 | D:5      | Reached skill level 5 in Maces & Flails
  8351 | D:6      | Noticed Sigmund
  8356 | D:6      | Killed Sigmund
  8357 | D:6      | Reached skill level 7 in Fighting
  8422 | D:6      | Reached ** piety under Okawaru
  9790 | D:7      | Reached skill level 8 in Fighting
  9823 | D:7      | Reached XP level 9. HP: 44/96 MP: 9/9
 10048 | D:7      | Found a sacrificial altar of Ru.
 10061 | D:7      | Identified the +6 flail of Karma {flame, Str+6}
 10199 | D:7      | Reached *** piety under Okawaru
 10398 | D:7      | Received a gift from Okawaru
 10454 | D:7      | Found a burning altar of Makhleb.
 10640 | D:7      | Found a basalt altar of Yredelemnul.
 10715 | D:7      | Found a hazy altar of Hepliaklqana.
 10831 | D:8      | Found a shimmering blue altar of Sif Muna.
 10914 | D:8      | Reached skill level 9 in Fighting
 11034 | D:8      | Found a shadowy altar of Dithmenos.
 11342 | D:8      | Received a gift from Okawaru
 11653 | D:8      | Found a shimmering altar of Xom.
 12019 | D:8      | Reached XP level 10. HP: 79/110 MP: 10/10
 12048 | D:9      | Noticed a two-headed ogre
 12093 | D:9      | Noticed a kobold demonologist
 12096 | D:9      | Noticed Erolcha
 12102 | D:8      | Killed a kobold demonologist
 12103 | D:8      | Reached skill level 10 in Fighting
 12204 | D:9      | Killed a two-headed ogre
 12204 | D:9      | Reached **** piety under Okawaru
 12204 | D:9      | Received a gift from Okawaru
 12580 | D:9      | Found a staircase to the Orcish Mines.
 12644 | D:10     | Entered Level 10 of the Dungeon
 12646 | D:10     | Noticed a yaktaur captain
 12653 | D:10     | Noticed Happyhead's ghost (novice DrCj)
 12748 | D:10     | Found a glowing golden altar of the Shining One.
 12757 | D:10     | Noticed a two-headed ogre
 12768 | D:10     | Killed a two-headed ogre
 12768 | D:10     | Reached ***** piety under Okawaru
 12769 | D:10     | Reached skill level 11 in Fighting
 12874 | D:10     | Received a gift from Okawaru
 13161 | D:10     | Reached XP level 11. HP: 119/120 MP: 13/13
 13378 | D:10     | Found a transporter.
 13383 | D:10     | Found a transporter.
 13714 | D:11     | Received a gift from Okawaru
 13883 | D:11     | Noticed a boulder beetle
 13894 | D:11     | Killed a boulder beetle
 13895 | D:11     | Reached skill level 12 in Fighting
 13895 | D:11     | Reached skill level 10 in Throwing
 13895 | D:11     | Reached skill level 5 in Invocations
 14114 | D:11     | Received a gift from Okawaru
 14698 | D:9      | Killed Erolcha
 14698 | D:9      | Identified the +3 morningstar of Amorality {speed, rF+
                  | Dex+4} (Okawaru gifted it to you on level 9 of the Dungeon)
 14698 | D:9      | Received a gift from Okawaru
 14699 | D:9      | Reached skill level 10 in Maces & Flails
 15014 | D:9      | Found a staircase to the Lair.
 15068 | Lair:1   | Entered Level 1 of the Lair of Beasts
 15278 | D:12     | Noticed a two-headed ogre
 15286 | D:12     | Killed a two-headed ogre
 15306 | D:12     | Found Hubuto's Book Shoppe.
 15373 | D:12     | Noticed a two-headed ogre
 15384 | D:12     | Killed a two-headed ogre
 15491 | D:12     | Noticed a two-headed ogre
 15522 | D:12     | Killed a two-headed ogre
 15523 | D:12     | Reached XP level 12. HP: 112/133 MP: 17/17
 16340 | D:13     | Noticed a centaur warrior
 16353 | D:13     | Killed a centaur warrior
 16442 | D:13     | Received a gift from Okawaru
 16485 | D:13     | Found a flagged portal.
 16492 | Bailey   | Entered a bailey
 16854 | Bailey   | Reached skill level 13 in Fighting
 16887 | Bailey   | Found an iron altar of Okawaru.
 17765 | D:13     | Noticed Josephine
 17768 | D:13     | Killed Josephine
 17849 | D:13     | Reached skill level 14 in Fighting
 17849 | D:13     | Reached XP level 13. HP: 148/148 MP: 19/19
 17850 | D:13     | Acquired the amulet of Inyipoa {Acrobat rElec}
 18047 | D:13     | Noticed Erica
 18092 | D:13     | Killed Erica
 18174 | D:13     | Noticed Harold
 18358 | D:14     | Found a shadowy altar of Dithmenos.
 18628 | D:13     | Noticed Nessos
 18633 | D:13     | HP: 6/148 [seven-headed hydra (9)]
 18634 | D:13     | Slain by a seven-headed hydra

Illustrated notes

Levels and vault maps discovered:
D:1:      amcnicky_arrival_choice, layout_loops_ring, basic_ecumenical_altar
D:2:      layout_basic, uniq_terence
D:3:      layout_basic, nemelex_xobeh_ov_fountains_minmay,
          general_overflow_altar, kennysheep_boxes
D:4:      layout_loops_ring, mainiacjoe_overflow_tiny_flanked,
          amcnicky_altar_gilded, uniq_natasha, uniq_blork_the_orc
D:5:      layout_cave_pools, fedhas_altar_fruit_tree,
          mainiacjoe_overflow_cross_hatched, minmay_temple_entry_waves,
          ebering_ghost_reflecting_pool
D:6:      kennysheep_slugbush, layout_basic, uniq_sigmund
D:7:      layout_loops_ring, nzn_hepliaklqana_mist_gate, marbit_many_paths,
          makhleb_heckhound_becter, mainiacjoe_overflow_brackets
D:8:      layout_basic, lemuel_crystal_altar,
          mainiacjoe_overflow_catch_the_wave, minmay_fractal_squares_5
D:9:      layout_long_grid, lair_entry_dummy, orc_0_dummy, hangedman_decor_push,
          grunt_ministairs_11, uniq_erolcha
D:10:     layout_irregular_city, tso_metal_star, gammafunk_ghost_arena
D:11:     layout_loops_ring, david_defended_altar_orc
D:12:     layout_irregular_city, serial_shops, shop
D:13:     layout_long_grid, david_vaults_2, enter_bailey_3, sword_in_stone,
          uniq_nessos, uniq_josephine
D:14:     layout_gridville, nicolae_wu_jian_immortal_techniques,
          nicolae_dithmenos_the_darkroom
Lair:1:   layout_small_grid, minivault_26, minivault_23, st_stairs_8,
          guppyfry_lair_drakes, serial_bayou_shore_a, lemuel_fruit_fields,
          uniq_sonja, uniq_prince_ribbit2

Skill      XL: |  1  2  3  4  5  6  7  8  9 10 11 12 13 |
---------------+----------------------------------------+-----
Fighting       | 3 4 5 6 8 9 11 12 14 | 14.7
Maces & Flails | 1 2 3 4 6 8 9 10 11 12 | 12.2
Throwing       | 5 6 7 8 9 10 11 12 | 12.1
Stealth        | 1 |  1.0
Invocations    | 1 3 7 8 |  8.0
Dodging        | |  1.7

Action                   |  1- 3 |  4- 6 |  7- 9 | 10-12 | 13-15 || total
-------------------------+-------+-------+-------+-------+-------++-------
Melee: Short sword       |    31 |       |       |       |       ||    31
       Dagger            |    84 |       |       |       |       ||    84
       Whip              |    31 |       |       |       |       ||    31
       Mace              |     9 |   125 |       |       |       ||   134
       Giant spiked club |       |       |   155 |    83 |    15 ||   253
       Flail             |       |       |    82 |    73 |       ||   155
       Morningstar       |       |       |       |   231 |    46 ||   277
       Punch             |       |       |       |     1 |     1 ||     2
Throw: Stone             |    21 |   125 |   237 |   287 |     9 ||   679
       Boomerang         |       |     3 |    15 |       |       ||    18
       Large rock        |       |     3 |       |     6 |       ||     9
       Dart              |       |       |    17 |     7 |     5 ||    29
       Javelin           |       |       |     2 |    14 |       ||    16
Invok: Heroism           |       |       |     1 |     5 |     3 ||     9
       Finesse           |       |       |       |     2 |       ||     2
Evoke: Wand              |       |     2 |    17 |    13 |       ||    32
  Use: Scroll            |       |       |    10 |     9 |     4 ||    23
       Potion            |       |       |     1 |     2 |     2 ||     5
 Stab: Sleeping          |     1 |     1 |     2 |       |       ||     4
       Distracted        |       |       |       |     1 |       ||     1
Armor: Robe              |    52 |    38 |     8 |       |       ||    98
       Troll leather arm |       |       |    59 |   107 |    20 ||   186
Dodge: Dodged            |    68 |    74 |   169 |   160 |    52 ||   523
